 Dungeon Crawl Stone Soup version 0.14.2 (webtiles) character file.

5088 Amnesiac the Prestidigitator (level 10, -7/51 HPs)
             Began as a Spriggan Artificer on Feb 10, 2018.
             Was a High Priest of Nemelex Xobeh.
             Mangled by Psyche
             ... wielding a +1,+1 dagger of distortion
              (19 damage)
             ... on Level 10 of the Dungeon.
             The game lasted 00:42:24 (13992 turns).

Amnesiac the Prestidigitator (Spriggan Artificer)  Turns: 13992, Time: 00:42:25

HP  -7/51        AC  8     Str 10      XL: 10   Next: 21%
MP  29/29        EV 25     Int 14      God: Nemelex Xobeh [*****.]
Gold 405         SH  0     Dex 17      Spells:  7 memorised,  8 levels left

rFire  . . .     SeeInvis +     h - +1 dagger (venom)
rCold  . . .     Clarity  .     e - +0 robe
rNeg   . . .     Conserve .     (shield restricted)
rPois  .         rCorr    .     (helmet restricted)
rElec  .         rRot     .     (no cloak)
SustAb + .       Spirit   .     (gloves unavailable)
rMut   .         Warding  .     (boots unavailable)
Saprov . . .     Stasis   .     (no amulet)
MR     +....                    r - ring of sustain abilities {unknown}
                                j - +6 ring of protection

@: very quick, somewhat resistant to hostile enchantments, quite stealthy
A: unfitting armour, see invisible, herbivore 3, speed 3, slow metabolism 2
a: Draw One, Peek at Two, Triple Draw, Deal Four, Stack Five, Renounce Religion


You were on level 10 of the Dungeon.
You worshipped Nemelex Xobeh.
Nemelex Xobeh was extremely pleased with you.
You were not hungry.

You visited 2 branches of the dungeon, and saw 11 of its levels.

You collected 407 gold pieces.

Inventory:

Hand weapons
 h - a +1,+1 dagger of venom (weapon)
Missiles
 a - 36 poisoned needles
 H - 7 curare-tipped needles
 L - 8 arrows
Armour
 e - a +0 robe (worn)
 B - a +0 cloak
 K - a +2 cloak
Magical devices
 c - a wand of enslavement (24)
 t - a wand of enslavement (9)
 M - a wand of confusion (3)
Comestibles
 d - 18 cheeses
 g - 9 bread rations
 s - 2 bananas
Scrolls
 b - 2 scrolls of magic mapping {!r}
 n - 3 scrolls of teleportation {!r}
 y - 2 scrolls of remove curse {!r}
 z - 2 scrolls of blinking {!r, unknown}
 A - a scroll of noise {!r, unknown}
 G - a scroll of amnesia {!r, unknown}
 J - a scroll of enchant weapon I {!r, unknown}
Jewellery
 i - an uncursed ring of positive energy {unknown}
 j - a +6 ring of protection (left hand)
 p - an uncursed ring of magical power
 q - an uncursed ring of ice
 r - a ring of sustain abilities (right hand) {unknown}
 E - an uncursed ring of protection from cold {unknown}
 I - a +6 ring of protection
Potions
 l - a potion of flight {!q}
 u - 3 potions of heal wounds {!q}
 v - 7 potions of curing {!q}
 w - a potion of paralysis {!q}
 x - a potion of invisibility {!q}
 O - a potion of haste {!q}
Miscellaneous
 D - an ornate deck of summonings {drawn: 4}
 N - an ornate deck of destruction {drawn: 1}


   Skills:
 + Level 5.3 Fighting
 - Level 4.0 Short Blades
 + Level 9.6 Dodging
 + Level 4.0 Stealth
 - Level 7.0 Spellcasting
 * Level 13.3 Evocations


You had 8 spell levels left.
You knew the following spells:

 Your Spells              Type           Power        Failure   Level  Hunger
a - Shock                 Conj/Air       #...         17%         1    None
b - Cure Poison           Pois           #.........   24%         2    None
c - Repel Missiles        Chrm/Air       #.....       24%         2    None
d - Flight                Chrm/Air       #.........   47%         3    ###....
e - Mephitic Cloud        Conj/Pois/Air  #.......     47%         3    ###....
f - Corpse Rot            Necr           N/A          24%         2    None
g - Sublimation of Blood  Necr           #.........   24%         2    None


Dungeon Overview and Level Annotations

Branches:
Dungeon (10/15)            Temple (1/1) D:4            Lair (0/8) D:10
    Orc: D:9-12

Altars:
Ashenzari
Cheibriados
Dithmenos
Elyvilon
Fedhas
Kikubaaqudgha
Makhleb
Nemelex Xobeh
Okawaru
Sif Muna
Trog
Vehumet
Xom
Yredelemnul
Zin
The Shining One

Shops:
D:4 [

Annotations:
D:10 Psyche


Innate Abilities, Weirdness & Mutations

You are tiny and cannot use many weapons and most armour.
You have supernaturally acute eyesight.
You are a herbivore.
You cover ground extremely quickly.
You need consume almost no food.


Message History

The bat hits the plant but does no damage.
The adder closely misses you.
Psyche points at you and mumbles some strange words.
The magic dart hits you!
The bat hits the plant but does no damage.
The yak gores the plant!
You hit the adder.
You kill the adder!
The bat hits the plant but does no damage.
The bat hits the plant.
Psyche barely misses you.
You barely miss Psyche.
The bat hits the plant but does no damage. x2
The yak gores the plant!
Psyche casts a spell at you. The magic dart hits you!
You hit Psyche but do no damage.
Psyche is poisoned.
The bat hits the plant but does no damage. x2
Psyche zaps a wand.
The puff of frost hits you!
The yak gores the plant!
The bat hits the plant but does no damage.
Psyche hits you with a glowing dagger. Space bends around you.
You barely miss Psyche.
The bat hits the plant but does no damage.
Psyche zaps a wand.
The puff of frost hits you!
The bat hits the plant but does no damage.
The yak gores the plant but does no damage.
The bat hits the plant but does no damage. x2
Psyche gestures at you while chanting. The puff of flame misses you.
You see here an adder corpse.
The bat completely misses the plant.
The yak gores the plant.
The bat hits the plant but does no damage.
Something hits the plant but does no damage.
Psyche zaps a wand.
The puff of frost misses you.
Something hits the plant but does no damage.
Something gores the plant!
Psyche zaps a wand.
The puff of frost hits you!
Evoke which item? (* to show all) (? for menu, Esc to quit)
Zapping:
M - a wand of confusion (4)
Press: ? - help, Shift-Dir - straight line, f - Psyche
Aim: Psyche, wielding a dagger of distortion, wearing a runed robe and carrying a wand of frost {zapped: 4} (lightly wounded, poisoned, moving very quickly) Psyche appears confused.
This wand has 3 charges left.
Psyche barely misses you.
You hit Psyche.
Psyche looks even sicker.
Psyche is lightly wounded.
Psyche closely misses you.
You hit Psyche but do no damage.
Psyche looks even sicker.
Psyche is lightly wounded.
You barely miss Psyche.
Psyche is moderately wounded.
You strike the helpless Psyche from behind!
You slice Psyche!!
Psyche is severely wounded.
Psyche seems less confused.
Psyche hits you with a dagger of distortion.
* * * LOW HITPOINT WARNING * * *
Space warps horribly around you!
* * * LOW HITPOINT WARNING * * *
Psyche gestures wildly while chanting.
You feel troubled.
You hit Psyche but do no damage.
Psyche is almost dead.
Psyche hits you but does no damage. Space warps horribly around you!
You die...
Your body glows slightly and disappears.

####.########....
#....#####.###
####.##....#
#.##..### #.##..#
#.##..#
###########.##..# #
#...............#
#.##..@@...........#
......#.###..#####..#
#.##.#..##..# #..#
##.#..f%f....# .#
#..........P.# #
P...f...P.f.f..#
P..fPffP.PPP..[...
...fP.YP.PffP..P.#


Pff..P.PPPf.ff.P You could see Psyche and a yak.

Vanquished Creatures
  Joseph (D:7)
  A hill giant (D:10)
  Maurice (D:9)
  A two-headed ogre (D:9)
  A troll (D:9)
  Eustachio (D:7)
  A deep elf mage (D:7)
  Edmund (D:7)
  A sky beast (D:7)
  3 ogres
  The ghost of Amnesiac the Charlatan, an average SpAr (D:4)
  2 phantoms
  A centaur (D:9)
  2 big kobolds (D:8)
  Duvessa (D:7)
  3 scorpions
  2 giant frogs
  3 killer bees
  Dowan (D:7)
  A centaur zombie (D:8)
  2 goliath beetles (D:8)
  A black bear zombie (D:5)
  7 hounds
  6 orc wizards
  A jelly (D:9)
  4 orc priests
  A quasit (D:5)
  An orange rat (D:7)
  2 iguanas
  An ogre zombie (D:7)
  A worker ant zombie (D:7)
  4 gnolls
  4 green rats (D:7)
  12 adders
  2 shadow imps
  2 giant mites
  An inept feature mimic (D:6)
  An orc skeleton (D:9)
  A worm (D:7)
  2 giant eyeballs
  An ooze (D:2)
  20 orcs
  A bat skeleton (D:6)
  7 giant cockroaches
  8 hobgoblins
  8 jackals
  19 kobolds
  3 quokkas
  2 ball pythons
  12 bats
  3 giant geckos
  10 giant newts
  7 goblins
  29 rats
  A rat skeleton (D:7)
216 creatures vanquished.

Vanquished Creatures (collateral kills)
  An ugly thing (D:9)
  A hungry ghost (D:9)
  A necrophage (D:9)
  An ice beast (D:8)
  2 ogres
  A centaur (D:9)
  A giant frog (D:9)
  An insubstantial wisp (D:9)
  2 crimson imps
  A hobgoblin (D:9)
  A goblin (D:7)
  3 ballistomycetes (D:9)
16 creatures vanquished.

Vanquished Creatures (others)
  A spiny frog (D:9)
  A jelly (D:9)
  An orc wizard (D:7)
  A giant spore (D:9)
  A butterfly (D:2)
  A plant (D:10)
6 creatures vanquished.

Grand Total: 238 creatures vanquished

Notes
Turn   | Place    | Note
--------------------------------------------------------------
     0 | D:1      | Amnesiac, the Spriggan Artificer, began the quest for the Orb.
     0 | D:1      | Reached XP level 1. HP: 9/9 MP: 2/2
    51 | D:1      | Reached skill level 1 in Fighting
    99 | D:1      | Reached XP level 2. HP: 14/14 MP: 5/5
   406 | D:2      | Found a shadowy altar of Dithmenos.
  1338 | D:2      | Found a radiant altar of Vehumet.
  3326 | D:3      | Reached XP level 3. HP: 9/18 MP: 8/8
  3543 | D:4      | Noticed Amnesiac's ghost (average SpAr)
  3551 | D:4      | Killed Amnesiac's ghost
  3551 | D:4      | Reached skill level 6 in Evocations
  3551 | D:4      | Reached XP level 4. HP: 19/22 MP: 10/12
  3580 | D:4      | Reached XP level 5. HP: 7/25 MP: 15/15
  3838 | D:4      | Learned a level 1 spell: Shock
  4098 | D:4      | Noticed an ogre
  4101 | D:4      | Found a staircase to the Ecumenical Temple.
  4112 | D:4      | Killed an ogre
  4118 | Temple   | Entered the Ecumenical Temple
  4201 | D:4      | Found Cosit's Antique Armour Shop.
  4743 | D:4      | Reached XP level 6. HP: 30/30 MP: 18/18
  5318 | D:5      | Entered Level 5 of the Dungeon
  5702 | D:5      | Reached skill level 7 in Evocations
  5941 | D:5      | Learned a level 2 spell: Cure Poison
  5944 | D:5      | Learned a level 2 spell: Repel Missiles
  5955 | D:5      | Reached skill level 5 in Dodging
  5991 | D:5      | Reached XP level 7. HP: 3/34 MP: 21/21
  6380 | D:6      | Reached skill level 8 in Evocations
  6428 | D:6      | Found a glowing silver altar of Zin.
  6433 | D:6      | Found a burning altar of Makhleb.
  6436 | D:6      | Found an ancient bone altar of Kikubaaqudgha.
  6967 | D:7      | Noticed Duvessa
  6967 | D:7      | Noticed Dowan
  6981 | D:7      | Killed Duvessa
  6981 | D:7      | Killed Dowan
  6981 | D:7      | Reached skill level 9 in Evocations
  7165 | D:7      | Found a sparkling altar of Nemelex Xobeh.
  7170 | D:7      | Became a worshipper of Nemelex Xobeh the Trickster
  7712 | D:4      | Received a gift from Nemelex Xobeh
  7786 | D:4      | Reached XP level 8. HP: 38/40 MP: 21/23
  8580 | D:3      | Acquired Nemelex Xobeh's first power
  9166 | D:7      | Noticed Eustachio
  9224 | D:7      | Killed Eustachio
  9224 | D:7      | Reached skill level 10 in Evocations
  9232 | D:7      | Acquired Nemelex Xobeh's second power
  9278 | D:7      | Noticed Joseph
  9817 | D:7      | Received a gift from Nemelex Xobeh
  9875 | D:7      | Reached skill level 11 in Evocations
  9989 | D:7      | Acquired Nemelex Xobeh's third power
 10062 | D:7      | Noticed Edmund
 10121 | D:7      | Killed Edmund
 10178 | D:7      | Found an iron altar of Okawaru.
 10255 | D:7      | Killed Joseph
 10255 | D:7      | Reached XP level 9. HP: 25/46 MP: 26/26
 10260 | D:7      | Reached skill level 12 in Evocations
 10282 | D:7      | Received a gift from Nemelex Xobeh
 10784 | D:8      | Found a glowing silver altar of Zin.
 10784 | D:8      | Noticed an angel
 10835 | D:8      | Acquired Nemelex Xobeh's fourth power
 11284 | D:8      | Found a shattered altar of Ashenzari.
 11388 | D:8      | Reached skill level 5 in Fighting
 11433 | D:8      | Received a gift from Nemelex Xobeh
 11782 | D:8      | Learned a level 3 spell: Flight
 12086 | D:9      | Reached skill level 13 in Evocations
 12124 | D:9      | Reached skill level 1 in Spellcasting
 12446 | D:9      | Noticed Maurice
 12470 | D:9      | Killed Maurice
 12476 | D:9      | Received a gift from Nemelex Xobeh
 12593 | D:9      | Reached skill level 5 in Spellcasting
 13040 | D:9      | Learned a level 3 spell: Mephitic Cloud
 13043 | D:9      | Learned a level 2 spell: Corpse Rot
 13046 | D:9      | Learned a level 2 spell: Sublimation of Blood
 13056 | D:9      | Acquired Nemelex Xobeh's fifth power
 13103 | D:9      | Reached XP level 10. HP: 51/51 MP: 28/28
 13817 | D:10     | Entered Level 10 of the Dungeon
 13831 | D:10     | Noticed a hill giant
 13882 | D:10     | Killed a hill giant
 13966 | D:10     | Noticed Psyche
 13969 | D:10     | Found a staircase to the Lair.
 13992 | D:10     | Mangled by Psyche

Action                   |  1- 3 |  4- 6 |  7- 9 | 10-12 || total
-------------------------+-------+-------+-------+-------++-------
Melee: Short sword       |    25 |    29 |       |       ||    54
       Dagger            |   105 |   107 |   796 |    83 ||  1091
Throw: Dart              |    81 |       |       |       ||    81
 Cast: Shock             |       |    10 |       |       ||    10
Evoke: Wand              |     3 |    16 |    43 |     4 ||    66
       Deck              |       |       |    19 |       ||    19
  Use: Scroll            |     8 |     1 |       |     3 ||    12
       Potion            |     1 |       |     1 |       ||     2
 Stab: Paralysed         |     5 |     6 |     3 |       ||    14
       Sleeping          |     2 |     8 |    15 |     1 ||    26
       Distracted        |       |     1 |     4 |       ||     5
       Confused          |       |       |     3 |     2 ||     5
       Betrayed ally     |       |       |     2 |       ||     2
